 Dungeon Sprint DCSS version 0.24-a0-417-g1cce26a (webtiles) character file.

Game seed: 16538720138787753131

47 schets the Skirmisher (level 3, -18/44 HPs)
             Began as an Ogre Hunter on June 10, 2019.
             Was an Initiate of Okawaru.
             Killed from afar by a deep elf mage (20 damage)
             ... with a bolt of lightning
             ... in the Dungeon (Sprint VII: "The Pits").
             The game lasted 00:01:29 (1214 turns).

schets the Skirmisher (Ogre Hunter)                 Turns: 1214, Time: 00:01:31

Health: -18/44     AC:  3    Str: 17    XL:     3   Next: 70%
Magic:  5/5        EV: 10    Int: 12    God:    Okawaru [......]
Gold:   0          SH:  0    Dex:  9    Spells: 2/2 levels left

rFire    . . .     SeeInvis .   e - +1 flail (crush)
rCold    . . .     Gourm    .   (no shield)
rNeg     . . .     Faith    .   b - +0 robe
rPois    .         Spirit   .   (helmet restricted)
rElec    .         Reflect  .   (no cloak)
rCorr    .         Harm     .   (gloves unavailable)
MR       .....     NoTele   +   (boots unavailable)
Stlth    +.........             (no amulet)
HPRegen  0.14/turn              (no ring)
MPRegen  0.09/turn              (no ring)

@: no status effects
A: large, unfitting armour, tough skin 1
a: Renounce Religion


You were in the Dungeon.
You worshipped Okawaru.
Okawaru was noncommittal.
You were not hungry.

You visited 1 branch

Inventory:

Hand Weapons
 e - a +1 flail of crushing (weapon)
Missiles
 c - a large rock (quivered)
Armour
 b - a +0 robe (worn)
Scrolls
 k - a scroll of blinking
 n - 3 scrolls of remove curse
 o - 5 scrolls of amnesia
 p - a scroll of summoning
Potions
 a - 5 potions of heal wounds
 d - 5 potions of curing
 h - a potion of haste
 i - 4 potions of magic
 j - 2 potions of berserk rage
 m - 2 potions of invisibility
Comestibles
 f - 8 rations


   Skills:
 * Level 5.9 Fighting
 * Level 0.0 Maces & Flails
 + Level 4.8 Throwing
 + Level 2.0 Armour
 + Level 3.1 Dodging
 - Level 0.6 Stealth
 + Level 2.6 Invocations


You had 2 spell levels left.
You didn't know any spells.
Your spell library was empty.

Dungeon Overview and Level Annotations

Branches:
Dungeon (1/1)

Altars:
Ashenzari
Cheibriados
Dithmenos
Elyvilon
Fedhas
Gozag
Hepliaklqana
Kikubaaqudgha
Makhleb
Nemelex Xobeh
Okawaru
Qazlal
Ru
Sif Muna
Trog
Uskayaw
Vehumet
Wu Jian
Xom
Yredelemnul
Zin
The Shining One
Beogh
Jiyva
Lugonu

Annotations:
D Blork the orc


Innate Abilities, Weirdness & Mutations

You are too large for most types of armour.
You have tough skin. (AC +1)


Message History

You throw a large rock. The large rock hits the deep elf mage!
The deep elf mage is lightly wounded.
Throwing (i - inventory)
c - 3 large rocks (quivered)
Press: ? - help, Shift-Dir - straight line, f/p - deep elf mage
Aim: a deep elf mage, wielding a +0 rapier (lightly wounded)
You throw a large rock. The large rock hits the deep elf mage!
The deep elf mage is heavily wounded.
The deep elf mage gestures at you while chanting.
The bolt of lightning hits you!!
* * * LOW HITPOINT WARNING * * *
Throwing (i - inventory)
c - 2 large rocks (quivered)
Press: ? - help, Shift-Dir - straight line, f/p - deep elf mage
Aim: a deep elf mage, wielding a +0 rapier (heavily wounded)
You throw a large rock. The large rock hits the deep elf mage!
The deep elf mage is almost dead.
The deep elf mage gestures wildly while chanting.
The deep elf mage blinks!
The deep elf mage casts a spell at you. The bolt of lightning hits you!!
You die...

#_________.#
#_______...#######
##########'##.....
#.?(.')))'.##.....
##########.##.....
#.e........)'.....
#'#####'#####.....
#.#...#)#[[##.....
#@#...#.#))#####'#
#.#...'.#))##.....
#.##)####).##.....
#ยง#.....#..##.....
#o#.....#)###...<.
#o#........##.....
#(#........##.....
#(###########.....
#.. ######


You could see a deep elf mage, Blork the orc and an orc.

Vanquished Creatures
  3 adders (D)
  An ufetubus (D)
  An ooze (D)
  An adder zombie (D)
  A goblin (D)
  A hobgoblin (D)
  A kobold (D)
9 creatures vanquished.

Notes
Turn   | Place    | Note
-------+----------+-------------------------------------------
     0 | D        | schets the Ogre Hunter began the quest for the Orb.
     0 | D        | Reached XP level 1. HP: 22/22 MP: 1/1
    10 | D        | Reached skill level 3 in Fighting
    19 | D        | Found a bloodstained altar of Trog.
    19 | D        | Found a deep blue altar of Sif Muna.
    19 | D        | Found a viscous altar of Jiyva.
    19 | D        | Found a hazy altar of Hepliaklqana.
    19 | D        | Found an opulent altar of Gozag.
    20 | D        | Found a glowing golden altar of the Shining One.
    20 | D        | Found a glowing silver altar of Zin.
    20 | D        | Found a basalt altar of Yredelemnul.
    20 | D        | Found a shimmering altar of Xom.
    20 | D        | Found an ornate altar of the Wu Jian Council.
    20 | D        | Found a sacrificial altar of Ru.
    20 | D        | Found a stormy altar of Qazlal.
    20 | D        | Found an iron altar of Okawaru.
    20 | D        | Found a sparkling altar of Nemelex Xobeh.
    20 | D        | Found a burning altar of Makhleb.
    20 | D        | Found a blossoming altar of Fedhas.
    20 | D        | Found a white marble altar of Elyvilon.
    20 | D        | Found a shadowy altar of Dithmenos.
    20 | D        | Found a snail-covered altar of Cheibriados.
    22 | D        | Found a radiant altar of Vehumet.
    22 | D        | Found a corrupted altar of Lugonu.
    22 | D        | Found a roughly hewn altar of Beogh.
    23 | D        | Found a hide-covered altar of Uskayaw.
    23 | D        | Found an ancient bone altar of Kikubaaqudgha.
    23 | D        | Found a shattered altar of Ashenzari.
    32 | D        | Became a worshipper of Warmaster Okawaru
    79 | D        | Reached skill level 1 in Invocations
   355 | D        | Reached skill level 4 in Fighting
   355 | D        | Reached skill level 1 in Armour
   355 | D        | Reached XP level 2. HP: 2/33 MP: 1/3
   376 | D        | Reached skill level 5 in Fighting
   793 | D        | Reached XP level 3. HP: 40/42 MP: 4/4
  1204 | D        | Noticed Blork the orc
  1208 | D        | Noticed a deep elf mage
  1213 | D        | HP: 2/44 [deep elf mage/bolt of lightning (18)]
  1214 | D        | Killed from afar by a deep elf mage

Levels and vault maps discovered:
D:        pitsprint [storerooms_1, entrance_room_1, metal_vault_4, armoury_3,
          mini_pit_1, grid_room_1, main_hall_1, silver_pit, the_coven_1,
          the_vestibule_1, steel_vault_4, golden_pit, hallway_of_sentries,
          crystal_vault_4, iron_vault_3, final_vault]

Skill      XL: |  1  2  3 |
---------------+----------+-----
Fighting       | 4 5 |  5.9
Dodging        | 2 3 |  3.1
Invocations    | 1 2 |  2.6
Armour         | 1 2 |  2.0
Throwing       | |  4.8
Stealth        | |  0.6

Action                   || total
-------------------------++-------
Melee: Mace              ||    44
       Short sword       ||     1
Throw: Large rock        ||    14
       Throwing net      ||     4
  Use: Potion            ||     3
 Stab: Sleeping          ||     1
  Eat: Ration            ||     1
Armor: Robe              ||    13
Dodge: Dodged            ||    75

Table legend:
 A = Non-vault XP
 B = Vault XP
 C = Vault XP percentage of total XP
 D = Non-vault monster count
 E = Vault monster count
 F = Vault count percentage of total count
                 A         B        C        D         E       F
            +---------+---------+-------+---------+---------+-------
      Total |       0 |      68 | 100.0 |       0 |       9 | 100.0
            +---------+---------+-------+---------+---------+-------
          D |       0 |      68 | 100.0 |       0 |       9 | 100.0
            +---------+---------+-------+---------+---------+-------
